 Dungeon Crawl Stone Soup version 0.29-a0-1033-gb6c65ffae6 (webtiles) character file.

Game seed: 15476050645481543440

94 xian the Conjurer (level 4, -1/35 HPs)
             Began as a Draconian Conjurer on Aug 15, 2022.
             Slain by a black bear (5 damage)
             ... on level 4 of the Dungeon.
             The game lasted 00:06:03 (2622 turns).

xian the Conjurer (Draconian Conjurer)              Turns: 2622, Time: 00:06:06

Health: -1/35      AC:  6    Str:  9    XL:     4   Next: 38%
Magic:  7/7        EV: 12    Int: 21    God:
Gold:   12         SH:  0    Dex:  9    Spells: 3/8 levels left

rFire   . . .      SeeInvis .   s - +7 dagger (drain)
rCold   . . .      Faith    .   i - orb {*Rage}
rNeg    . . .      Spirit   .   (body armour unavailable)
rPois   .          Reflect  .   (helmet restricted)
rElec   .          Harm     .   (no cloak)
rCorr   .          Rampage  .   g - +0 pair of gloves
Will    .....      Rage     20% (no boots)
Stlth   ++........              (no amulet)
HPRegen 0.11/turn               (no ring)
MPRegen 0.10/turn               (no ring)

@: on berserk cooldown, slowed, very slow
A: AC +5, unfitting armour, cold-blooded
a: no special abilities


You were on level 4 of the Dungeon.
You visited 1 branch of the dungeon, and saw 4 of its levels.

You collected 147 gold pieces.
You spent 135 gold pieces at shops.

Inventory:

Hand Weapons
 s - a +7 dagger of draining (weapon)
Armour
 g - a +0 pair of gloves (worn)
 i - an orb of wrath (worn)
Jewellery
 r - a ring of flight
Scrolls
 c - a scroll of poison {unknown}
 d - 2 scrolls of teleportation {unknown}
 h - a scroll of magic mapping
 l - 2 scrolls of fear {unknown}
Potions
 a - a potion of magic
 b - a potion of curing {unknown}
 e - 3 potions of lignification
 f - 3 potions of heal wounds {unknown}
 j - a potion of invisibility {unknown}
 k - a potion of haste {unknown}
 m - a potion of might {unknown}
 n - a potion of mutation {unknown}
 p - a potion of degeneration {unknown}
 q - a potion of brilliance {unknown}


   Skills:
 * Level 1.2 Fighting
 * Level 0.1 Short Blades
 + Level 2.1 Dodging
 + Level 1.9 Stealth
 + Level 2.5 Spellcasting
 + Level 5.1 Conjurations


You had 3 spell levels left.
You knew the following spells:

 Your Spells              Type           Power      Damage    Failure   Level
a - Magic Dart            Conj           96%        1d7       1%          1
b - Searing Ray           Conj           48%        2d6       2%          2
c - Passwall              Tmut/Erth      1%         N/A       22%         2

Your spell library contained the following spells:

 Spells                   Type           Power      Damage    Failure   Level
 Dazzling Flash           Conj/Hex       26%        N/A       14%         3
 Ensorcelled Hibernation  Hex/Ice        4%         N/A       22%         2
 Swiftness                Air            2%         N/A       38%         3
 Fulminant Prism          Conj/Hex       6%         3d7       43%         4
 Iskenderun's Mystic Bla  Conj/Tloc      13%        2d5       43%         4


Dungeon Overview and Level Annotations

Branches:
Dungeon (4/15)
 Temple: D:4-7

Altars:

Shops:
D:3 [[=((


Innate Abilities, Weirdness & Mutations

Your plain brown scales are hard. (AC +5)
You cannot fit into any form of body armour.
You are cold-blooded and may be slowed by cold attacks.


Message History

You kill the orc!
You puncture the hobgoblin!
You kill the hobgoblin! 2 orcs come into view.
An orc is wielding a +2 vorpal hand axe and wearing a +2 leather armour of poison resistance.
Found a scroll labelled ULIMAO JOLIOW.
Found a stone staircase leading down.
The orc shouts! x2
You see here a hobgoblin corpse.
A black bear comes into view.
You feel a strong urge to attack something.
The black bear growls angrily.
You feel your anger nearly subside.
You are no longer berserk.
You are exhausted.
You feel yourself slow down.
The orc hits you with a +2 vorpal hand axe.
The black bear bites you. The black bear closely misses you.
The black bear claws you but does no damage.
The black bear attacks as you move away!
The black bear barely misses you. The black bear claws you. x2
The orc barely misses you. The orc hits you but does no damage.
The orc attacks as you move away! The orc hits you but does no damage.
The black bear attacks as you move away!
The black bear bites you. The black bear claws you.
The black bear claws you but does no damage.
The black bear barely misses you.
The black bear claws you but does no damage.
The black bear claws you.
The orc hits you with a +2 vorpal hand axe.
The orc hits you with a +0 dagger.
* * * LOW HITPOINT WARNING * * *
Okay, then.
Okay, then.
As you read the scroll of summoning, it crumbles to dust.
Wisps of shadow whirl around you...
The orc hits you with a +2 vorpal hand axe.
* * * LOW HITPOINT WARNING * * *
x2 The orc hits your quokka but does no damage.
The orc hits your adder with a +2 vorpal hand axe.
The black bear bites you.
You die...

.. .##...# ..##.
......# .....
##....####.
.....##.....#....
...>..#..........
.................
#..rS........
####.oo........
#.<.†@h........
#.)##..........
......##.!.......
####.#####.#......
.. ###...... ##.
..?... ## ......
...


You could see a black bear, 2 orcs, a friendly adder (summoned) and a friendly
quokka (summoned).

Vanquished Creatures
  Jessica (D:3)
  3 adders
  A worm (D:3)
  An orc (D:4)
  2 ball pythons (D:1)
  6 bats
  3 endoplasms
  2 giant cockroaches
  A goblin (D:1)
  4 hobgoblins
  2 jackals (D:2)
  A quokka (D:1)
  3 frilled lizards
  3 kobolds
  7 rats
40 creatures vanquished.

Notes
Turn   | Place    | Note
-------+----------+-------------------------------------------
     0 | D:1      | xian the Draconian Conjurer began the quest for the Orb.
     0 | D:1      | Reached XP level 1. HP: 14/14 MP: 3/3
   515 | D:1      | Reached XP level 2. HP: 20/20 MP: 1/5
   518 | D:1      | Learned a level 2 spell: Searing Ray
   653 | D:1      | Found a faded altar of an unknown god.
  1409 | D:2      | Reached XP level 3. HP: 26/26 MP: 2/6
  1880 | D:2      | Learned a level 2 spell: Passwall
  1912 | D:3      | Found Atadwazer's Armour Shop.
  1912 | D:3      | Found Sufo's Armour Shop.
  2021 | D:3      | Found Ipruir's Jewellery Emporium.
  2226 | D:3      | Noticed Jessica
  2228 | D:3      | Killed Jessica
  2229 | D:3      | Reached skill level 1 in Fighting
  2229 | D:3      | Reached skill level 5 in Conjurations
  2229 | D:3      | Reached XP level 4. HP: 35/35 MP: 3/7
  2406 | D:3      | Found Loitohas's Antique Weapon Shop.
  2563 | D:3      | Found Opreo's Antique Weapon Shop.
  2570 | D:3      | Bought a runed dagger for 135 gold pieces
  2614 | D:4      | Noticed a black bear
  2622 | D:4      | Slain by a black bear

Illustrated notes

Levels and vault maps discovered:
D:1:      ebering_trefoil_3fold, layout_rooms, chequers_ecumenical_altar_lobes,
          nicolae_concentric_dashed_squares_mild
D:2:      layout_loops_ring
D:3:      layout_basic, serial_shops, shop, shop, nicolae_square_shop, shop,
          shop_statue, uniq_jessica
D:4:      layout_cave_pools, portal_sewer_entry_e,
          ebering_dispersal_statue_hall, serial_park_tiny_2,
          kennysheep_cross_room, minmay_manual_mess

Skill      XL: |  1  2  3 |
---------------+----------+-----
Dodging        | 2 |  2.1
Fighting       | 1 |  1.2
Conjurations   | 5 |  5.1
Short Blades   | |  0.1
Stealth        | |  1.9
Spellcasting   | |  2.5

Action                   |  1- 3 |  4- 6 || total
-------------------------+-------+-------++-------
Melee: Dagger            |    29 |     5 ||    34
       Tailslap          |     4 |     1 ||     5
 Cast: Magic Dart        |    46 |    10 ||    56
       Searing Ray       |     1 |       ||     1
  Use: Scroll            |     4 |     1 ||     5
 Stab: Sleeping          |     1 |       ||     1
Armor: Skin              |     8 |    10 ||    18
Dodge: Dodged            |    23 |    10 ||    33

Table legend: (Time is in decaauts)
 A = Elapsed time spent in this place.
 B = Non-inter-level travel time spent in this place.
 C = Inter-level travel time spent in this place.
 D = Time resting spent in this place.
 E = Time spent auto-exploring this place.
 F = Levels seen in this place.
 G = Mean time per level.
                   A        B        C        D        E       F      G
               +--------+--------+--------+--------+--------+-----+--------+
         Total |   2638 |   2580 |     58 |      0 |   2282 |   4 |  659.5 |
       Dungeon |   2638 |   2580 |     58 |      0 |   2282 |   4 |  659.5 |
               +--------+--------+--------+--------+--------+-----+--------+

Top non-repeatable levels by time:
     D:1: 1160 daAuts
     D:2: 758 daAuts
     D:3: 706 daAuts
     D:4: 13 daAuts
